 Dungeon Crawl Stone Soup version 0.19.5 (webtiles) character file.

79 lauthentik the Grave Robber (level 4, -1/36 HPs)
             Began as a Deep Dwarf Necromancer on Apr 17, 2017.
             Slain by Edmund
             ... wielding a +3 flail of protection
              (5 damage)
             ... on level 4 of the Dungeon.
             The game lasted 00:09:34 (2272 turns).

lauthentik the Grave Robber (DDNe)                  Turns: 2272, Time: 00:09:36

Health: -1/36      AC:  5    Str: 12    XL:     4   Next: 17%
Magic:  2/7        EV: 12    Int: 16    God:
Gold:   262        SH:  0    Dex: 13    Spells: 2 memorised, 3 levels left

rFire  x . .     SeeInvis .     e - +0 whip
rCold  + . .     Gourm    .     q - +0 leather armour
rNeg   . . .     Faith    .     (no shield)
rPois  .         Spirit   .     (no helmet)
rElec  .         Reflect  .     (no cloak)
rCorr  .         Harm     .     n - +0 pair of gloves
MR     .....                    j - +0 pair of boots
Stlth  ++........               (no amulet)
                                (no ring)
                                D - ring of ice

@: starving, non-regenerating
A: damage resistance, recharge devices, sense surroundings 1, slow regeneration
3
a: Device Recharging


You were on level 4 of the Dungeon.
You were starving.

You visited 1 branch of the dungeon, and saw 4 of its levels.

You collected 262 gold pieces.

Inventory:

Hand Weapons
 e - a +0 whip (weapon)
 x - a +0 dagger of holy wrath
Armour
 a - a +0 robe
 j - a +0 pair of boots (worn)
 n - a +0 pair of gloves (worn)
 q - a +0 leather armour (worn)
 B - a cursed +0 robe
Jewellery
 D - a ring of ice (left hand)
Wands
 c - a wand of heal wounds (5/9)
 w - a wand of iceblast (6/15)
Scrolls
 h - 2 scrolls of remove curse
 i - a scroll of random uselessness {unknown}
 l - 3 scrolls of immolation {unknown}
 s - 2 scrolls of enchant armour {unknown}
 t - a scroll of identify {unknown}
 y - a scroll of fog {unknown}
 E - a scroll of amnesia {unknown}
 F - a scroll of magic mapping {unknown}
Potions
 f - a potion of might {unknown}
 k - a potion of mutation {unknown}
 m - a potion of brilliance {unknown}
 o - a potion of lignification {unknown}
 p - 2 potions of degeneration {unknown}
 u - 2 potions of heal wounds {unknown}
 v - a potion of resistance {unknown}
 A - 2 potions of curing {unknown}
 C - a potion of haste {unknown}
 G - a potion of cancellation {unknown}
Books
 b - a book of Necromancy

   Spells                             Type                      Level
   a - Pain                           Necromancy                   1
   b - Animate Skeleton               Necromancy                   1
   c - Vampiric Draining              Necromancy                   3
   d - Regeneration                   Charms/Necromancy            3
   e - Animate Dead                   Necromancy                   4
   f - Control Undead                 Necromancy                   4
Comestibles
 d - 3 bread rations
 g - a royal jelly
 r - 3 meat rations
 z - a beef jerky


   Skills:
 + Level 0.1 Fighting
 + Level 1.0 Maces & Flails
 + Level 0.7 Armour
 + Level 2.4 Dodging
 + Level 2.7 Stealth
 + Level 2.2 Spellcasting
 + Level 5.4 Necromancy


You had 3 spell levels left.
You knew the following spells:

 Your Spells              Type           Power        Failure   Level  Hunger
a - Pain                  Necr           ###.         3%          1    #......
b - Vampiric Draining     Necr           ###.......   12%         3    ###....


Dungeon Overview and Level Annotations

Branches:
Dungeon (4/15)
 Temple: D:4-7

Altars:
Hepliaklqana

Annotations:
D:4 Edmund


Innate Abilities, Weirdness & Mutations

You are resistant to damage.
You can recharge devices by infusing magical energy.
You passively map a small area around you.
You do not regenerate.


Message History

Edmund is moderately wounded.
Edmund hits you with a flail of protection!
You hit Edmund.
Edmund is moderately wounded.
Edmund barely misses you.
You don't have the energy to cast that spell.
You closely miss Edmund.
Edmund is moderately wounded.
Edmund hits you with a flail of protection.
You hit Edmund but do no damage.
Edmund is moderately wounded.
Edmund says, "I'm quite good with sums, too."
Edmund closely misses you.
You start eating one of the 3 meat rations.
Keep eating?
Edmund hits you with a flail of protection!
* * * LOW HITPOINT WARNING * * *
You continue eating.
Edmund hits you with a flail of protection.
You die...

* , * ,, , *#..# * *** *
, ###..# , ..#..# *
#.#..# ####### *, #.#..#
#.....# * * #@#..#
#.###.# , ...###@#..#
#.# #.#
...........####.###.####
*
#######.#.........#.....
#>#######.........
#...........######
#############


You could see Edmund.

Vanquished Creatures
  An adder (D:2)
  An ooze (D:3)
  2 worms
  2 dart slugs
  5 bats (D:2)
  4 giant cockroaches
  9 goblins
  2 hobgoblins
  5 jackals
  A ball python (D:2)
  3 frilled lizards
  10 kobolds
  9 rats
54 creatures vanquished.

Notes
Turn   | Place    | Note
-------+----------+-------------------------------------------
     0 | D:1      | lauthentik the Deep Dwarf Necromancer began the quest for the Orb.
     0 | D:1      | Reached XP level 1. HP: 15/15 MP: 3/3
   251 | D:1      | Reached XP level 2. HP: 22/22 MP: 1/4
   784 | D:2      | Reached skill level 5 in Necromancy
   951 | D:2      | Reached XP level 3. HP: 28/28 MP: 3/5
   956 | D:2      | Learned a level 3 spell: Vampiric Draining
   982 | D:2      | Found a hazy altar of Hepliaklqana.
  1142 | D:2      | Reached skill level 1 in Maces & Flails
  1666 | D:3      | Reached XP level 4. HP: 14/36 MP: 3/7
  2255 | D:4      | Noticed Edmund
  2272 | D:4      | Slain by Edmund

Skill      XL: |  1  2  3 |
---------------+----------+-----
Necromancy     | 5 |  5.4
Maces & Flails | 1 |  1.0
Spellcasting   | 2 |  2.2
Fighting       | |  0.1
Armour         | |  0.7
Dodging        | |  2.4
Stealth        | |  2.7

Action                   |  1- 3 |  4- 6 || total
-------------------------+-------+-------++-------
Melee: Whip              |    47 |    13 ||    60
 Cast: Pain              |    60 |     7 ||    67
       Vampiric Draining |     6 |     9 ||    15
  Use: Scroll            |       |     1 ||     1
  Eat: Chunk             |     4 |     1 ||     5
Armor: Robe              |     4 |       ||     4
       Leather armour    |    10 |     3 ||    13
Dodge: Dodged            |    29 |     6 ||    35
